 Dungeon Crawl Stone Soup version 0.31-a0-1278-g11c5b68f87 (webtiles) character file.

Game seed: 17468565334995373009

1539 Lobster4 the Zephyrmancer (level 8, 0/48 HPs)
             Began as a Tengu Air Elementalist on Dec 17, 2023.
             Was a Believer of Vehumet.
             Engulfed by a cloud of steam (8 damage)
             ... on level 7 of the Dungeon.
             The game lasted 00:17:22 (7596 turns).

Lobster4 the Zephyrmancer (Tengu Air Elementalist)  Turns: 7596, Time: 00:17:23

Health: 0/48       AC:  4    Str:  8    XL:     8   Next: 86%
Magic:  12/15      EV: 16    Int: 19    God:    Vehumet [**....]
Gold:   680        SH:  0    Dex: 14    Spells: 3/15 levels left

rFire   . . .        F - +4 scimitar
rCold   . . .        (no shield)
rNeg    . . .        z - +0 leather armour
rPois   +            (helmet restricted)
rElec   .            (no cloak)
rCorr   .            x - +0 pair of gloves
SInv    .            (boots unavailable)
Will    .....        (no amulet)
Stlth   ++           i - ring of poison resistance
HPRegen 0.28/turn    (no ring)
MPRegen 0.14/turn

%: acrobat
@: flying
A: beak, talons 3, evasive flight, acrobatic
a: Renounce Religion


You were on level 7 of the Dungeon.
You worshipped Vehumet.
Vehumet was pleased with you.
You visited 2 branches of the dungeon, and saw 8 of its levels.

You collected 680 gold pieces.

Inventory:

Hand Weapons
 a - a +1 dagger of draining
 b - a +0 sling
 c - a +0 spear
 w - a +0 short sword
 E - a +1 great sword of electrocution
 F - a +4 scimitar (weapon)
 G - a +1 mace of protection
Missiles
 p - 3 poisoned darts
 B - 2 boomerangs
Armour
 j - a +0 robe
 x - a +0 pair of gloves (worn)
 z - a +0 leather armour (worn)
Jewellery
 i - a ring of poison resistance (left hand)
Wands
 t - a wand of iceblast (8)
 v - a wand of polymorph (8)
 D - a wand of mindburst (4)
Scrolls
 e - 2 scrolls of enchant weapon
 f - a scroll of fear {unknown}
 l - 2 scrolls of identify {unknown}
 y - a scroll of revelation {unknown}
 A - a scroll of immolation {unknown}
Potions
 d - a potion of magic
 g - a potion of ambrosia {unknown}
 h - 3 potions of invisibility {unknown}
 k - a potion of lignification {unknown}
 m - 2 potions of heal wounds {unknown}
 n - a potion of haste {unknown}
 o - a potion of attraction {unknown}
 q - a potion of degeneration {unknown}
 r - 3 potions of curing {unknown}
 s - a potion of enlightenment {unknown}
 u - a potion of mutation {unknown}
 C - a potion of cancellation {unknown}


   Skills:
 + Level 3.9 Fighting
 + Level 0.5 Long Blades
 - Level 3.0 Ranged Weapons
 + Level 3.0 Armour
 + Level 3.0 Dodging
 - Level 2.0 Stealth
 + Level 4.0 Spellcasting
 + Level 5.2 Conjurations
 * Level 8.5 Air Magic
 + Level 2.9 Evocations


You had 3 spell levels left.
You knew the following spells:

 Your Spells              Type           Power      Damage    Failure   Level
a - Shock                 Conj/Air       100%       1d9       1%          1
b - Static Discharge      Conj/Air       60%        3-6/arc   1%          2
c - Airstrike             Air            18%        2d(3-19)  5%          4
d - Searing Ray           Conj           46%        2d6       3%          2
s - Swiftness             Air            36%        N/A       1%          3

Your spell library contained the following spells:

 Spells                   Type           Power      Damage    Failure   Level
 Kiss of Death            Conj/Necr      52%        2d9       7%          1
 Confusing Touch          Hex            3%         N/A       50%         3
 Dispel Undead            Necr           3%         3d7       88%         4
 Alistair's Intoxication  Tmut/Pois      2%         N/A       99%         5
 Borgnjor's Vile Clutch   Necr/Erth      1%         N/A       99%         5
 Eringya's Noxious Bog    Tmut/Pois      1%         4d6       100%        6


Dungeon Overview and Level Annotations

Branches:
Dungeon (7/15)             Temple (1/1) D:4

Altars:
Ashenzari
Cheibriados
Dithmenos
Fedhas
Gozag
Hepliaklqana
Kikubaaqudgha
Makhleb
Nemelex Xobeh
Qazlal
Ru
Sif Muna
Uskayaw
Vehumet
Wu Jian
Yredelemnul
Zin

Shops:
D:4 (

Annotations:
D:1 2 transporters
D:5 exclusion: two-headed ogre
D:6 2 transporters, wally255's ghost, novice MiFi


Innate Abilities, Weirdness & Mutations

You have a beak for a mouth.
You have claws for feet.
Your magical flight helps you evade attacks. (EV +4)
You can magically evade attacks while moving or waiting.


Message History

The steam dragon breathes steam at you. The ball of steam misses you.
Casting: Shock (safe; 1% risk of failure)
Confirm with . or Enter, or press ? or * to list all spells.
Aiming: Shock (safe; 1% risk of failure)
Press: ? - help, Shift-Dir - straight line, f/p - steam dragon
Aim: a steam dragon (moderately wounded, 74% to hit)
The zap misses the steam dragon.
The steam dragon breathes steam at you. The ball of steam misses you.
You are engulfed in a cloud of scalding steam.
You start resting.
A steam dragon is nearby!
The steam dragon barely misses you. The steam dragon claws you.
Casting: Shock (safe; 1% risk of failure)
Confirm with . or Enter, or press ? or * to list all spells.
The steam dragon is struck by an arc of lightning.
The steam dragon is heavily wounded.
You are struck by an arc of lightning.
The steam dragon is struck by an arc of lightning.
The steam dragon is severely wounded.
The lightning grounds out.
The steam dragon breathes steam at you. The ball of steam hits you.
* * * LOW HITPOINT WARNING * * *
Unknown command.
Casting: Static Discharge (safe; 1% risk of failure)
Confirm with . or Enter, or press ? or * to list all spells.
The steam dragon is struck by an arc of lightning.
The steam dragon is almost dead.
You are struck by an arc of lightning.
* * * LOW HITPOINT WARNING * * *
The steam dragon is struck by an arc of lightning.
You kill the steam dragon!
Vehumet accepts your kill.
You feel your power returning.
The steam dragon scales are intact enough to wear.
The lightning grounds out.
You are engulfed in a cloud of scalding steam.
You die...

#.####.. ...# #.. ..## ..## .#
....##.. ... .. ...# .......
..#..... ...# .
.....##..#..... ...##
#.###.....#....... ....#
.##................# ....###
.##.............. .##
....#.###..#...#.[..#...##....
.......#.......#@#§.#.# .#....
..............§§.##§..##....#.
#.............§####§#.........
...............# #.##........
...............####.#§........
...............#.##D#§........
.................#...#........
#....................#.#....?.
.......................##.....


There were no monsters in sight!

Vanquished Creatures
  A steam dragon (D:7)
  2 ice beasts
  An ogre (D:6)
  A phantom (D:5)
  A bullfrog (D:6)
  2 scorpions (D:6)
  5 wights (D:6)
  A howler monkey (D:5)
  2 hounds (D:6)
  2 jellies (D:6)
  3 orc priests
  3 iguanas
  6 orc wizards
  10 adders
  A shadow imp (D:5)
  5 ufetubi
  A worm (D:3)
  3 dart slugs
  31 orcs
  4 ball pythons
  5 bats
  4 endoplasms
  5 giant cockroaches
  8 goblins
  8 hobgoblins
  9 jackals
  6 kobolds
  3 quokkas
  4 frilled lizards
  4 rats
141 creatures vanquished.

Notes
Turn   | Place    | Note
-------+----------+-------------------------------------------
     0 | D:1      | Lobster4 the Tengu Air Elementalist began the quest for the
                  | Orb.
     0 | D:1      | Reached XP level 1. HP: 10/10 MP: 4/4
   134 | D:1      | Reached XP level 2. HP: 15/15 MP: 0/6
   137 | D:1      | Learned a level 2 spell: Static Discharge
   955 | D:1      | Reached XP level 3. HP: 20/20 MP: 2/7
  1024 | D:1      | Reached skill level 1 in Armour
  1427 | D:2      | Reached skill level 1 in Fighting
  1769 | D:2      | Reached skill level 5 in Air Magic
  1769 | D:2      | Reached XP level 4. HP: 21/25 MP: 0/8
  2768 | D:3      | Reached XP level 5. HP: 29/29 MP: 6/9
  3188 | D:3      | Learned a level 3 spell: Swiftness
  3486 | D:4      | Found a staircase to the Ecumenical Temple.
  3494 | Temple   | Entered the Ecumenical Temple
  3515 | Temple   | Became a worshipper of Vehumet
  3819 | D:4      | Reached XP level 6. HP: 29/35 MP: 6/10
  4021 | D:4      | Found Offinaaq's Weapon Shop.
  4199 | D:4      | Reached skill level 6 in Air Magic
  4524 | D:4      | Reached * piety under Vehumet
  4524 | D:4      | Offered knowledge of Foxfire by Vehumet.
  4806 | D:5      | Entered Level 5 of the Dungeon
  4932 | D:5      | Noticed a two-headed ogre
  4996 | D:5      | Reached skill level 1 in Ranged Weapons
  5033 | D:5      | Gained mutation: Your magical flight helps you evade
                  | attacks. (EV +4) [Tengu growth]
  5033 | D:5      | Reached XP level 7. HP: 40/40 MP: 9/12
  5083 | D:5      | Learned a level 4 spell: Airstrike
  5237 | D:5      | Reached skill level 1 in Evocations
  5282 | D:5      | Found a broken altar of Ashenzari.
  5284 | D:5      | Found a hazy altar of Hepliaklqana.
  5868 | D:6      | Noticed wally255's ghost (novice MiFi)
  5925 | D:6      | Reached skill level 7 in Air Magic
  5979 | D:6      | Found a transporter.
  6215 | D:6      | Reached XP level 8. HP: 39/46 MP: 7/14
  6709 | D:6      | Reached skill level 8 in Air Magic
  6889 | D:6      | Reached skill level 5 in Conjurations
  6893 | D:6      | Reached ** piety under Vehumet
  7069 | D:6      | Found a transporter.
  7132 | D:6      | Offered knowledge of Searing Ray by Vehumet.
  7171 | D:6      | Learned a level 2 spell: Searing Ray
  7596 | D:7      | Engulfed by a cloud of steam

Illustrated notes

Levels and vault maps discovered:
D:1:      spicycebolla_arrival_transporter_tutorial, layout_basic
D:2:      layout_loops_cross
D:3:      layout_loops_cross
D:4:      layout_gridville, minmay_temple_entry_sparse_star, serial_shops,
          nicolae_shop_gibbet_a_chance, minmay_tree_intersection,
          minmay_gold_behind_fungi
D:5:      layout_rooms, jmf_multi_god_temple, minmay_small_thing
D:6:      layout_basic, gammafunk_ghost_arena, kennysheep_small_square
D:7:      layout_cave_pools, minmay_misc_feat_pillars
Temple:   regret_index_temple_waves

Skill      XL: |  1  2  3  4  5  6  7  8 |
---------------+-------------------------+-----
Armour         | 1 2 3 |  3.0
Fighting       | 1 2 3 |  3.9
Conjurations   | 2 3 4 5 |  5.2
Air Magic      | 5 6 7 8 |  8.5
Dodging        | 3 |  3.0
Ranged Weapons | 1 2 3 |  3.0
Spellcasting   | 3 4 |  4.0
Evocations     | 1 2 |  2.9
Long Blades    | |  0.5
Stealth        | |  2.0

Action                     |  1- 3 |  4- 6 |  7- 9 || total
---------------------------+-------+-------+-------++-------
  Melee: Unarmed           |     3 |       |       ||     3
         Kick              |     2 |     3 |     2 ||     7
         Peck              |     2 |     3 |     2 ||     7
         Spear             |     1 |       |       ||     1
         Short sword       |     2 |     5 |       ||     7
         Dagger            |       |     1 |     4 ||     5
         Scimitar          |       |       |     3 ||     3
   Cast: Shock             |    82 |   139 |   134 ||   355
         Static Discharge  |       |       |    15 ||    15
    Use: Scroll            |       |       |     1 ||     1
   Stab: Sleeping          |       |     1 |     1 ||     2
 Armour: Robe              |    14 |    17 |    27 ||    58
         Leather armour    |       |       |    13 ||    13
  Dodge: Dodged            |    16 |    18 |    63 ||    97

Table legend: (Time is in decaauts)
 A = Elapsed time spent in this place.
 B = Non-inter-level travel time spent in this place.
 C = Inter-level travel time spent in this place.
 D = Time resting spent in this place.
 E = Time spent auto-exploring this place.
 F = Levels seen in this place.
 G = Mean time per level.
                   A        B        C        D        E       F      G
               +--------+--------+--------+--------+--------+-----+--------+
         Total |   7598 |   7264 |    334 |    654 |   5575 |   8 |  949.8 |
       Dungeon |   7556 |   7262 |    294 |    654 |   5575 |   7 | 1079.4 |
        Temple |     42 |      2 |     40 |      0 |      0 |   1 |   42.0 |
               +--------+--------+--------+--------+--------+-----+--------+

Top non-repeatable levels by time:
     D:6: 1609 daAuts
     D:4: 1364 daAuts
     D:2: 1201 daAuts
     D:1: 1190 daAuts
     D:5: 1038 daAuts
     D:3: 1008 daAuts
     D:7: 143 daAuts
  Temple: 42 daAuts
